 Dungeon Crawl Stone Soup version 0.28-a0-1234-g826d19b2e0 (webtiles) character file.

Game seed: 2809308388879332552

35650 r3xj the Tortoise (level 13, -7/128 (130) HPs)
             Began as a Minotaur Fighter on Dec 23, 2021.
             Was the Champion of Okawaru.
             Mangled by a torpor snail (15 damage)
             ... on level 1 of the Lair of Beasts.
             The game lasted 00:48:03 (12497 turns).

r3xj the Tortoise (Minotaur Fighter)               Turns: 12497, Time: 00:48:05

HP:   -7/128 (130)  AC: 23    Str: 27    XL:     13   Next: 48%
MP:   12/12         EV:  8    Int:  5    God:    Okawaru [******]
Gold: 553           SH:  5    Dex: 13    Spells: 12/12 levels left

rFire   + + .      SeeInvis .   N - +2 morningstar
rCold   + . .      Faith    .   c - +0 buckler
rNeg    . . .      Spirit   .   E - +0 plate armour
rPois   +          Reflect  .   (helmet restricted)
rElec   +          Harm     .   T - scarf {rC+ rF+}
rCorr   .          Rampage  .   k - +2 pair of gloves "Dopnosk" {+Inv rElec rF+ Str+2 Dex+2}
Will    +....                   s - +1 pair of boots
Stlth   ..........              m - amulet of regeneration
HPRegen 1.11/turn               J - ring of willpower
MPRegen 0.13/turn               x - ring of poison resistance

@: slowed, lightly drained, very slow
A: horns 2, retaliatory headbutt
a: Renounce Religion, Evoke Invisibility, Heroism, Finesse, Duel


You were on level 1 of the Lair of Beasts.
You worshipped Okawaru.
Okawaru was exalted by your worship.
You visited 3 branches of the dungeon, and saw 16 of its levels.
You also visited: Volcano.

You collected 1004 gold pieces.
You spent 451 gold pieces at shops.

Inventory:

Hand Weapons
 b - a +0 morningstar of distortion
 N - a +2 morningstar (weapon)
Missiles
 l - 72 poisoned darts (quivered)
 K - a throwing net
 O - 5 silver javelins
 U - 5 javelins
Armour
 c - a +0 buckler (worn)
 k - the +2 pair of gloves "Dopnosk" (worn) {+Inv rElec rF+ Str+2 Dex+2}
   (You found it in a volcano)

   Str:       It affects your strength (+2).
   Dex:       It affects your dexterity (+2).
   rF:        It protects you from fire.
   rElec:     It insulates you from electricity.
   +Inv:      It lets you turn invisible.
 p - a +0 scale mail of willpower
 s - a +1 pair of boots (worn)
 y - a +0 cloak
 E - a +0 plate armour (worn)
 S - a +1 cloak of poison resistance
 T - a scarf of resistance (worn)
Jewellery
 g - a ring of fire
 h - an amulet of guardian spirit
 m - an amulet of regeneration (around neck)
 x - a ring of poison resistance (right hand)
 J - a ring of willpower (left hand)
 R - the amulet "Zifes" {rF+ Regen+ Int-2 SInv}
   (You found it on level 1 of the Lair of Beasts)

   [amulet of regeneration]

   Int:       It affects your intelligence (-2).
   rF:        It protects you from fire.
   SInv:      It lets you see invisible.
   Regen:     It increases your rate of health regeneration.
Wands
 o - a wand of mindburst (23)
 t - a wand of acid (14)
 v - a wand of paralysis (13)
 I - a wand of iceblast (13)
 Q - a wand of flame (8)
Scrolls
 a - a scroll of silence
 i - 3 scrolls of enchant armour
 u - 3 scrolls of immolation
 w - 10 scrolls of teleportation
 z - a scroll of enchant weapon
 A - a scroll of torment
 C - a scroll of fear
 D - 3 scrolls of acquirement {unknown}
 F - 2 scrolls of vulnerability {unknown}
 H - a scroll of fog {unknown}
 L - a scroll of summoning
Potions
 d - 3 potions of might
 e - 4 potions of berserk rage
 f - 2 potions of haste
 n - 12 potions of curing
 q - 3 potions of mutation
 r - 5 potions of heal wounds
 B - 2 potions of invisibility
 G - 2 potions of flight
 M - 3 potions of brilliance
 P - a potion of resistance


   Skills:
 + Level 16.4 Fighting
 - Level 16.0 Maces & Flails
 + Level 16.4 Armour
 - Level 4.0 Shields


You had 12 spell levels left.
You didn't know any spells.
Your spell library contained the following spells:

 Spells                   Type           Power      Damage    Failure   Level
 Magic Dart               Conj           0%         1d3       97%         1
 Blink                    Tloc           0%         N/A       99%         2
 Ensorcelled Hibernation  Hex/Ice        0%         N/A       99%         2
 Passwall                 Tmut/Erth      0%         N/A       99%         2
 Searing Ray              Conj           0%         2d4       99%         2
 Swiftness                Air            0%         N/A       100%        3
 Fulminant Prism          Conj/Hex       0%         3d6       100%        4
 Manifold Assault         Tloc           0%         N/A       100%        5
 Metabolic Englaciation   Hex/Ice        0%         N/A       100%        5
 Storm Form               Tmut/Air       0%         N/A       100%        7
 Summon Guardian Golem    Hex/Summ       Unusable   N/A       N/A         3
 Tukima's Dance           Hex            Unusable   N/A       N/A         3

Dungeon Overview and Level Annotations

Branches:
Dungeon (10/15)            Temple (1/1) D:5            Lair (5/6) D:8
  Swamp (0/4) Lair:3       Spider (0/4) Lair:3          Orc (0/2) D:9
Volcano (visited)
  Slime: Lair:5-6

Altars:
Ashenzari
Cheibriados
Dithmenos
Elyvilon
Fedhas
Gozag
Hepliaklqana
Kikubaaqudgha
Makhleb
Nemelex Xobeh
Okawaru
Qazlal
Ru
Sif Muna
Trog
Uskayaw
Vehumet
Wu Jian
Xom
Yredelemnul
Zin
The Shining One
Beogh
Jiyva

Shops:
D:3 !   D:5 **   D:9 (

Annotations:
D:7 exclusion: statue
Lair:3 2 runed translucent doors, ytrimaz's ghost, journeyman OpCj
Lair:4 3 runed translucent doors, Jysajome's ghost, adept OgCj


Innate Abilities, Weirdness & Mutations

You have a pair of horns on your head.
You reflexively headbutt those who attack you in melee.


Message History

The wolf closely misses you. The wolf barely misses you.
You furiously retaliate!
You headbutt the wolf! The hell rat closely misses you.
You furiously retaliate!
You headbutt the hell rat, but do no damage.
The death yak gores you but does no damage.
You block the wolf's attack.
The torpor snail bites you but does no damage.
The wolf bites you but does no damage.
The hell rat bites you but does no damage.
The wolf bites you but does no damage. You block the hell rat's attack.
The wolf closely misses you. The wolf bites you but does no damage.
The hell rat bites you!
* * * LOW HITPOINT WARNING * * *
You feel drained.
* * * LOW HITPOINT WARNING * * *
The wolf closely misses you.
You hit the wolf. Your headbutt misses the wolf.
The wolf is lightly wounded.
You feel like a meek peon again. You block the wolf's attack.
The hell rat barely misses you.
You puncture the death yak! Your headbutt misses the death yak.
The death yak is heavily wounded.
The hell rat barely misses you. You furiously retaliate!
You headbutt the hell rat. You puncture the death yak!
You headbutt the death yak.
The death yak is almost dead.
The death yak gores you!
* * * LOW HITPOINT WARNING * * *
You bludgeon the death yak!!
You kill the death yak!
Okawaru accepts your kill. The wolf bites you but does no damage.
The torpor snail bites you but does no damage.
You barely miss the wolf. Your headbutt misses the wolf.
The wolf is heavily wounded.
The wolf bites you.
* * * LOW HITPOINT WARNING * * *
The wolf bites you but does no damage. You block the hell rat's attack.
The torpor snail bites you!
You die...

#≈≈###...PP....PP.......#......#.
#≈≈≈##.....P.PPPP.#....P#......##
≈######..PPP..PPP##..PP..PP....##
≈≈≈≈≈#...#PP.PPP# #............##
###≈≈###.##PPPP####..P.PPP..+###.
≈≈≈#≈≈≈#.##.#+#..#.....#####.####
########........hh...............
.....).........rhw†>..........>..
####.#.#########@##.##########.##
##### ###### ###


You could see a torpor snail, 3 wolves and a hell rat.

Vanquished Creatures
  A fire dragon (Volcano)
  5 hydras
  An ice dragon (Lair:2)
  3 death yaks
  A bog body (Lair:3)
  A lindwurm (Volcano)
  Pikel (D:8)
  5 elephants (Lair:4)
  2 black mambas
  13 cane toads
  2 molten gargoyles (Volcano)
  4 rime drakes
  Psyche (D:8)
  7 komodo dragons
  A troll (D:9)
  2 ice devils (Lair:1)
  5 polar bears
  Prince Ribbit (D:6)
  16 blink frogs
  28 yaks
  A dire elephant simulacrum (Lair:1)
  5 wyverns
  8 fire bats (Volcano)
  4 basilisks
  4 steam dragons
  A death yak simulacrum (Lair:1)
  A harpy simulacrum (Lair:1)
  14 water moccasins
  An acid dragon (D:8)
  2 ice beasts (D:8)
  4 orc warriors
  2 sky beasts
  2 black bears
  A necrophage (D:7)
  An ogre (D:6)
  13 wolves
  2 centaurs (D:8)
  3 phantoms
  7 bullfrogs
  A wyvern zombie (D:7)
  A water moccasin zombie (D:5)
  A cane toad simulacrum (Lair:1)
  A water moccasin skeleton (D:4)
  An elephant simulacrum (Lair:1)
  4 wights (D:8)
  7 lava snakes (Volcano)
  A bullfrog zombie (D:6)
  2 centaur zombies
  3 jellies
  A hound (D:6)
  2 gnoll shamans (D:9)
  9 orc priests
  5 iguanas
  10 orc wizards
  2 hell rats
  2 spriggan simulacra (Lair:1)
  A polar bear simulacrum (Lair:1)
  A hound skeleton (D:5)
  A howler monkey zombie (D:7)
  16 gnolls
  7 adders
  A howler monkey skeleton (D:5)
  A naga simulacrum (Lair:1)
  A shadow imp (D:6)
  2 white imps
  2 adder skeletons (D:4)
  5 worms
  4 dart slugs
  21 orcs
  4 bats
  3 endoplasms
  3 giant cockroaches
  11 goblins
  8 hobgoblins
  2 jackals (D:2)
  5 kobolds
  6 quokkas
  5 ball pythons
  5 frilled lizards
  4 rats
  A bush (Lair:1)
349 creatures vanquished.

Vanquished Creatures (others)
  A bullfrog (D:8)
  20 fungi
  48 plants
69 creatures vanquished.

Grand Total: 418 creatures vanquished

Notes
Turn   | Place    | Note
-------+----------+-------------------------------------------
     0 | D:1      | r3xj the Minotaur Fighter began the quest for the Orb.
     0 | D:1      | Reached XP level 1. HP: 19/19 MP: 0/0
   305 | D:1      | Reached XP level 2. HP: 27/27 MP: 1/1
   849 | D:2      | Reached XP level 3. HP: 27/33 MP: 2/2
   937 | D:2      | Found a faded altar of an unknown god.
  1552 | D:3      | Found a white marble altar of Elyvilon.
  1620 | D:3      | Found Tiefeng's Distillery.
  1695 | D:3      | Reached XP level 4. HP: 41/41 MP: 3/3
  2202 | D:4      | Found an iron altar of Okawaru.
  2272 | D:4      | Noticed a phantom
  2287 | D:4      | Killed a phantom
  2288 | D:4      | Reached skill level 5 in Fighting
  2288 | D:4      | Reached skill level 5 in Armour
  2288 | D:4      | Reached XP level 5. HP: 44/48 MP: 4/4
  2321 | D:4      | Noticed a phantom
  2328 | D:4      | Killed a phantom
  2329 | D:4      | Reached skill level 5 in Maces & Flails
  2329 | D:4      | Reached XP level 6. HP: 56/56 MP: 5/5
  2386 | D:4      | You fall into a shaft and drop 3 floors!
  2389 | D:7      | Noticed a sky beast
  2395 | D:7      | Killed a sky beast
  2693 | D:6      | Reached XP level 7. HP: 62/62 MP: 6/6
  3060 | D:6      | Found a shimmering altar of Xom.
  3079 | D:5      | Entered Level 5 of the Dungeon
  3124 | D:5      | Found a staircase to the Ecumenical Temple.
  3139 | Temple   | Entered the Ecumenical Temple
  3422 | D:5      | Reached XP level 8. HP: 53/71 MP: 7/7
  3834 | D:4      | Became a worshipper of Warmaster Okawaru
  3919 | D:5      | Found a shimmering blue altar of Sif Muna.
  4029 | D:5      | Found Qeze's General Store.
  4031 | D:5      | Found Fen Meut's Specific Store.
  4376 | D:5      | Bought a scroll of noise for 12 gold pieces
  4376 | D:5      | Bought a scroll of teleportation for 36 gold pieces
  4376 | D:5      | Bought a potion of flight for 36 gold pieces
  4550 | D:6      | Reached * piety under Okawaru
  4581 | D:6      | Noticed Prince Ribbit
  4601 | D:6      | Killed Prince Ribbit
  5073 | D:7      | Reached XP level 9. HP: 64/81 MP: 8/8
  5108 | D:7      | Found a radiant altar of Vehumet.
  5208 | D:7      | Reached ** piety under Okawaru
  5209 | D:7      | Reached skill level 10 in Maces & Flails
  5497 | D:6      | Found a bloodstained altar of Trog.
  5650 | D:8      | Noticed Pikel
  5665 | D:8      | Killed Pikel
  5697 | D:8      | Noticed Psyche
  5712 | D:8      | Killed Psyche
  5783 | D:8      | Noticed a komodo dragon
  5786 | D:8      | Reached *** piety under Okawaru
  5791 | D:8      | Killed a komodo dragon
  5810 | D:8      | Noticed a komodo dragon
  5835 | D:8      | Killed a komodo dragon
  5836 | D:8      | Reached XP level 10. HP: 45/91 MP: 6/9
  5901 | D:8      | Reached **** piety under Okawaru
  5982 | D:8      | Found a staircase to the Lair.
  6085 | D:8      | Reached skill level 10 in Armour
  6504 | D:9      | Found Dypang's Weapon Shoppe.
  6528 | D:9      | Reached skill level 10 in Fighting
  6934 | D:9      | Reached ***** piety under Okawaru
  7300 | D:9      | Found a staircase to the Orcish Mines.
  7538 | D:10     | Entered Level 10 of the Dungeon
  7772 | D:3      | Bought a potion of might for 52 gold pieces
  7772 | D:3      | Bought a potion of brilliance for 52 gold pieces
  7772 | D:3      | Bought a potion of resistance for 130 gold pieces
  7772 | D:3      | Bought a potion of degeneration for 13 gold pieces
  7853 | D:5      | Bought 2 potions of berserk rage for 120 gold pieces
  8016 | Lair:1   | Entered Level 1 of the Lair of Beasts
  8022 | Lair:1   | Found a dark tunnel.
  8033 | Volcano  | Entered a volcano
  8317 | Volcano  | Found a burning altar of Makhleb.
  8317 | Volcano  | Noticed a lindwurm
  8329 | Volcano  | Reached XP level 11. HP: 84/101 MP: 10/10
  8347 | Volcano  | Killed a lindwurm
  8388 | Volcano  | Noticed a fire dragon
  8400 | Volcano  | Killed a fire dragon
  8688 | Volcano  | Identified the +2 pair of gloves "Dopnosk" {+Inv rElec rF+
                  | Str+2 Dex+2}
  8829 | Lair:1   | Noticed a six-headed hydra
  8839 | Lair:1   | Killed a six-headed hydra
  8840 | Lair:1   | Reached skill level 15 in Maces & Flails
  9031 | Lair:1   | Noticed an ice dragon
  9035 | Lair:1   | Reached ****** piety under Okawaru
  9039 | Lair:1   | HP: 3/104 [ice dragon/blast of cold (42)]
  9042 | Lair:2   | You fall into a shaft and drop 1 floor!
  9247 | Lair:3   | Found a hole to the Spider Nest.
  9329 | Lair:3   | Received a gift from Okawaru
  9388 | Lair:3   | Found a large runed translucent door.
  9388 | Lair:3   | Found a large runed translucent door.
  9499 | Lair:3   | Received a gift from Okawaru
  9550 | Lair:3   | Found a staircase to the Swamp.
  9551 | Lair:3   | Noticed a bog body
  9566 | Lair:3   | Killed a bog body
  9623 | Lair:3   | Noticed ytrimaz's ghost (journeyman OpCj)
  9721 | Lair:3   | Reached XP level 12. HP: 113/113 MP: 11/11
 10098 | Lair:4   | Noticed an eight-headed hydra
 10107 | Lair:4   | Noticed a six-headed hydra
 10120 | Lair:4   | Killed an eight-headed hydra
 10126 | Lair:4   | Killed a six-headed hydra
 10255 | Lair:4   | Noticed a seven-headed hydra
 10276 | Lair:4   | Killed a seven-headed hydra
 10368 | Lair:4   | Found a runed translucent gate.
 10369 | Lair:4   | Found a runed translucent gate.
 10369 | Lair:4   | Found a runed translucent gate.
 10369 | Lair:4   | Noticed an azure jelly
 10369 | Lair:4   | Noticed an acid blob
 10372 | Lair:4   | Noticed Jysajome's ghost (adept OgCj)
 10372 | Lair:4   | Noticed a quicksilver ooze
 10372 | Lair:4   | Noticed an acid blob
 10373 | Lair:4   | Noticed an azure jelly
 10373 | Lair:4   | Noticed an azure jelly
 10374 | Lair:4   | Noticed an acid blob
 10374 | Lair:4   | Noticed an acid blob
 10374 | Lair:4   | Noticed an acid blob
 10375 | Lair:4   | Noticed an azure jelly
 10375 | Lair:4   | Noticed an acid blob
 10377 | Lair:4   | Found a viscous altar of Jiyva.
 10429 | Lair:4   | Received a gift from Okawaru
 11055 | Lair:5   | Reached skill level 15 in Armour
 11068 | Lair:5   | Reached skill level 15 in Fighting
 11126 | Lair:5   | Noticed a death yak
 11126 | Lair:5   | Noticed a death yak
 11127 | Lair:5   | Noticed a death yak
 11144 | Lair:4   | Killed a death yak
 11201 | Lair:2   | Reached XP level 13. HP: 127/127 MP: 12/12
 11367 | Lair:1   | Received a gift from Okawaru
 11438 | Lair:1   | Got the Guide on Beguiling
 11972 | Lair:1   | Identified the amulet "Zifes" {rF+ Regen+ Int-2 SInv}
 12497 | Lair:1   | Mangled by a torpor snail

Illustrated notes

Levels and vault maps discovered:
D:1:      heliophobic_arrival_battle_scene, layout_loops_ring
D:2:      layout_loops_cross, hellmonk_ecumenical_altar_heavens_door
D:3:      layout_loops_cross, mainiacjoe_overflow_boulevard, serial_shops,
          nicolae_shop_behind_doors, minmay_circle_x
D:4:      layout_rooms, okawaru_metal_pillars_1_2
D:5:      layout_basic, led_sif_book, minmay_temple_entry_ruins,
          nicolae_specific_store
D:6:      layout_loops_ring, nicolae_overflow_hidden_temple,
          kennysheep_generic_room_8, uniq_prince_ribbit1
D:7:      layout_loops_cross, vehumet_statue
D:8:      layout_rooms, erik_lair_dragon, st_stairs_12, glass_columns_c,
          uniq_pikel, uniq_psyche
D:9:      layout_irregular_city, minmay_orc_entry_temple_small, serial_shops,
          shop, serial_bayou_crossing
D:10:     layout_basic, nzn_life_drinkers, uniq_maurice
Temple:   regret_index_temple_sphere_string
Lair:1:   dreamdust_isle_of_ice, layout_regular_city, enter_volcano_1,
          serial_forest, infiniplex_forest_end_2, infiniplex_forest_zigzag_1,
          infiniplex_forest_clump_double, infiniplex_forest_3_way,
          infiniplex_forest_straight_2, infiniplex_forest_clump_diagonal,
          infiniplex_forest_clump_tiny, chequers_serial_rivers_large_b,
          chequers_serial_rivers_micro_d, beast_lair_carwin_3
Lair:2:   minmay_lair_oklob_chamber, layout_chaotic_city, grunt_megastairs_2,
          infiniplex_staircase_pool, uniq_maggie
Lair:3:   layout_concentric_octagons, skrybe_swamp_entry_bodies,
          spider_nest_entry_web_field, ebering_ghost_disaster_area, minivault_26
Lair:4:   layout_long_grid, gammafunk_ghost_ooze, minivault_23, st_stairs_11,
          infiniplex_staircase_pool_2
Lair:5:   layout_cave_pods, serial_bayou_shore_a, grunt_megastairs_3, uniq_sonja

Skill      XL: |  1  2  3  4  5  6  7  8  9 10 11 12 13 |
---------------+----------------------------------------+-----
Fighting       | 4 5 6 8 9 10 12 15 16 | 16.4
Maces & Flails | 3 4 5 6 7 9 12 14 16 | 16.0
Armour         | 4 5 6 8 9 10 12 15 16 | 16.4
Shields        | 4 |  4.0

Action                   |  1- 3 |  4- 6 |  7- 9 | 10-12 | 13-15 || total
-------------------------+-------+-------+-------+-------+-------++-------
Melee: Flail             |    80 |    90 |   177 |       |       ||   347
       Headbutt          |    13 |    26 |    61 |   161 |    39 ||   300
       Morningstar       |       |       |    95 |   578 |   160 ||   833
Invok: Heroism           |       |       |     2 |     6 |     2 ||    10
  Use: Potion            |       |     1 |       |       |       ||     1
       Scroll            |       |       |       |     9 |     5 ||    14
Armor: Scale mail        |    37 |    46 |    37 |       |       ||   120
       Plate armour      |       |       |   103 |   354 |   112 ||   569
Dodge: Dodged            |    33 |    33 |    80 |   185 |    79 ||   410
Block: Buckler           |    18 |    20 |    50 |   109 |    45 ||   242

Table legend: (Time is in decaauts)
 A = Elapsed time spent in this place.
 B = Non-inter-level travel time spent in this place.
 C = Inter-level travel time spent in this place.
 D = Time resting spent in this place.
 E = Time spent auto-exploring this place.
 F = Levels seen in this place.
 G = Mean time per level.
                   A        B        C        D        E       F      G
               +--------+--------+--------+--------+--------+-----+--------+
         Total |  12426 |  11112 |   1314 |    297 |   8329 |  17 |  730.9 |
       Dungeon |   7867 |   6767 |   1100 |     81 |   5255 |  10 |  786.7 |
        Temple |    173 |    146 |     27 |      0 |    135 |   1 |  173.0 |
          Lair |   3632 |   3445 |    187 |    202 |   2393 |   5 |  726.4 |
       Volcano |    753 |    753 |      0 |     14 |    546 |   1 |  753.0 |
               +--------+--------+--------+--------+--------+-----+--------+

Top non-repeatable levels by time:
  Lair:1: 1385 daAuts
     D:9: 1054 daAuts
     D:6: 1028 daAuts
     D:8: 1019 daAuts
  Lair:3: 993 daAuts
     D:7: 932 daAuts
     D:1: 806 daAuts
     D:5: 780 daAuts
     D:3: 779 daAuts
 Volcano: 753 daAuts
     D:4: 728 daAuts
     D:2: 699 daAuts
  Lair:4: 683 daAuts
  Lair:5: 399 daAuts
  Temple: 173 daAuts
